 Dungeon Crawl Stone Soup version 0.26-a0-75-ga645b5fb18 (webtiles) character file.

Game seed: 12665856371291512996

9330 MrRokkomies the Jinx (level 11, -17/50 HPs)
             Began as a Spriggan Enchanter on June 14, 2020.
             Was an Elder of Kikubaaqudgha.
             Demolished by a tengu warrior
             ... wielding a +0 great sword
             ... led by a tengu warrior
              (21 damage)
             ... on level 10 of the Dungeon on June 15, 2020.
             The game lasted 00:43:33 (14478 turns).

MrRokkomies the Jinx (Spriggan Enchanter)          Turns: 14478, Time: 00:43:34

Health: -17/50     AC:  2    Str:  5    XL:     11   Next: 21%
Magic:  13/20      EV: 26    Int: 19    God:    Kikubaaqudgha [****..]
Gold:   731        SH:  0    Dex: 17    Spells: 9/21 levels left

rFire    . . .     SeeInvis +   a - +1 dagger (speed)
rCold    . . .     Gourm    .   (shield restricted)
rNeg     . . .     Faith    .   v - +0 robe {MR+}
rPois    .         Spirit   .   (helmet restricted)
rElec    .         Reflect  .   (no cloak)
rCorr    .         Harm     .   (gloves unavailable)
MR       +++..                  (boots unavailable)
Stlth    ++++++....             (no amulet)
HPRegen  0.16/turn              s - ring of protection from magic
MPRegen  0.17/turn              q - ring of stealth

@: very quick
A: very small, unfitting armour, see invisible, herbivore, speed 3, slow
metabolism 2
a: Receive Corpses, Renounce Religion


You were on level 10 of the Dungeon.
You worshipped Kikubaaqudgha.
Kikubaaqudgha was greatly pleased with you.
You were not hungry.

You visited 2 branches of the dungeon, and saw 11 of its levels.

You collected 731 gold pieces.

Inventory:

Hand Weapons
 a - a +1 dagger of speed (weapon)
Missiles
 n - 39 poisoned darts (quivered)
Armour
 v - a +0 robe of magic resistance (worn)
Jewellery
 m - an uncursed ring of positive energy
 q - a ring of stealth (right hand)
 s - a ring of protection from magic (left hand)
 u - an uncursed ring of protection from fire
 w - a +4 ring of protection {unknown}
 C - an uncursed amulet of guardian spirit
 F - an uncursed ring of resist corrosion
Wands
 b - a wand of acid (6)
 c - a wand of random effects (39)
 p - a wand of digging (7)
 A - a wand of clouds (3)
 E - a wand of polymorph (11)
 G - a wand of enslavement (4)
Scrolls
 f - 6 scrolls of remove curse
 g - 3 scrolls of blinking
 x - 5 scrolls of identify
 y - a scroll of fog
 B - 4 scrolls of amnesia
Potions
 e - 2 potions of haste
 h - 5 potions of lignification
 i - 2 potions of brilliance {unknown}
 k - a potion of magic {unknown}
 l - 3 potions of mutation {unknown}
 o - 2 potions of heal wounds {unknown}
 r - a potion of resistance {unknown}
 t - a potion of degeneration {unknown}
 z - 5 potions of stabbing {unknown}
 D - 2 potions of curing
Comestibles
 d - 14 rations


   Skills:
 + Level 2.1 Fighting
 - Level 10.0 Short Blades
 - Level 10.0 Dodging
 + Level 11.7 Stealth
 * Level 5.9 Spellcasting
 - Level 12.0 Hexes
 * Level 2.5 Necromancy


You had 9 spell levels left.
You knew the following spells:

 Your Spells              Type           Power        Failure   Level  Hunger
a - Dazzling Flash        Conj/Hex       ####..       3%          3    ##.....
b - Ensorcelled Hibernat  Hex/Ice        ####..       1%          2    None
c - Confusing Touch       Hex            ######..     1%          3    ##.....
d - Tukima's Dance        Hex            ######..     1%          3    ##.....
e - Animate Skeleton      Necr           N/A          4%          1    None

Your spell library contained the following spells:

 Spells                   Type           Power        Failure   Level  Hunger
 Corona                   Hex            ######.      1%          1    None
 Pain                     Necr           ###.         4%          1    None
 Sublimation of Blood     Necr           ###.......   6%          2    None
 Vampiric Draining        Necr           ###.......   12%         3    ##.....
 Animate Dead             Necr           N/A          36%         4    ####...
 Dispel Undead            Necr           ###.....     36%         4    ####...
 Agony                    Necr           ###.....     73%         5    #####..
 Excruciating Wounds      Chrm/Necr      ##........   88%         5    #####..
 Death Channel            Necr           ###.......   99%         6    #######


Dungeon Overview and Level Annotations

Branches:
Dungeon (10/15)            Temple (1/1) D:4            Lair (0/6) D:10
    Orc (0/2) D:10

Altars:
Ashenzari
Cheibriados
Dithmenos
Elyvilon
Fedhas
Gozag
Hepliaklqana
Kikubaaqudgha
Makhleb
Nemelex Xobeh
Okawaru
Qazlal
Ru
Sif Muna
Trog
Uskayaw
Vehumet
Wu Jian
Xom
Yredelemnul
Zin
The Shining One


Innate Abilities, Weirdness & Mutations

You are very small and have problems with some larger weapons.
You are too small for most types of armour.
You have supernaturally acute eyesight. (SInv)
You are a herbivore.
You cover ground extremely quickly.
You need to consume almost no food.


Message History

The tengu warrior is dazzled. x2
You catch the helpless tengu warrior completely off-guard!
You impale the tengu warrior!!
You kill the tengu warrior!
Kikubaaqudgha accepts your kill.
The tengu warrior hits you with a +0 great sword!
* * * LOW HITPOINT WARNING * * *
The tengu warrior misses you.
The tengu warrior completely misses you.
You see here a +0 ring mail.
You miss the tengu warrior.
The tengu warrior is severely wounded.
You hit the tengu warrior but do no damage.
The tengu warrior is severely wounded.
The tengu warrior shouts!
You hit the tengu warrior but do no damage.
The tengu warrior is severely wounded.
The tengu warrior hits you with a +0 great sword!!
You die...
Kikubaaqudgha rasps: "You have failed me!
Welcome... death!"

#.#######...#....# #.# #...#
#.......##....>..## #.# #.### ##
#.......###.####..###.###.# #.
#...........# #..........######.
#...>...#........................
#.......##.######.#####....[.....
#.####.###### ### #......##...
#.# #.####.###########..##......
.. #.#.#..#..#.@Q)(###.......###
.. #.#.#..##...#.#.#....#######.
. #.#...#.##.#(.##.#...# ####.
###.#.##.##..#.#####..# #....
##..##.##......######..###..##
#..#.....#.......##...........
##.##.#.#..##.##.# ##....(####
#..#.##.##...##..# #....Q.#
#.####..#.#...#####.###......#


You could see a tengu warrior (blind) and a friendly +0 bardiche.

Vanquished Creatures
  A hydra (D:9)
  Erolcha (D:9)
  A two-headed ogre (D:9)
  A tengu warrior (D:10)
  Nergalle (D:10)
  An ugly thing (D:10)
  A centaur skeleton (D:10)
  Grinder (D:5)
  2 dream sheep (D:9)
  A hippogriff (D:8)
  A wyvern (D:8)
  2 yaks (D:8)
  Grum (D:9)
  2 water moccasins
  2 black bears (D:10)
  4 orc warriors
  3 sky beasts
  4 phantoms
  3 ogres
  2 wolves (D:9)
  3 centaurs
  6 big kobolds
  3 bullfrogs
  4 scorpions
  A troll zombie (D:10)
  5 killer bees (D:8)
  A howler monkey (D:10)
  3 crimson imps
  3 bullfrog zombies
  A centaur zombie (D:6)
  3 jellies
  2 hounds
  3 orc priests
  An iguana (D:4)
  7 orc wizards
  3 worker ants
  A killer bee zombie (D:7)
  5 ogre zombies (D:10)
  A hound zombie (D:9)
  A hound skeleton (D:7)
  8 gnolls
  12 adders
  A shadow imp (D:9)
  An ooze (D:1)
  An adder zombie (D:7)
  An adder skeleton (D:4)
  3 worms
  4 dart slugs
  4 leopard geckos
  27 orcs
  7 bats
  8 giant cockroaches
  6 goblins
  7 hobgoblins
  3 jackals (D:3)
  6 quokkas
  3 ball pythons
  5 frilled lizards
  3 goblin skeletons (D:10)
  5 goblin zombies (D:10)
  A hobgoblin skeleton (D:10)
  A jackal skeleton (D:4)
  21 kobolds
  A leopard gecko skeleton (D:8)
  4 orc skeletons (D:10)
  6 orc zombies (D:10)
  A quokka zombie (D:7)
  6 rats
248 creatures vanquished.

Vanquished Creatures (others)
  4 plants (D:9)
4 creatures vanquished.

Grand Total: 252 creatures vanquished

Notes
Turn   | Place    | Note
-------+----------+-------------------------------------------
     0 | D:1      | MrRokkomies the Spriggan Enchanter began the quest for the
                  | Orb.
     0 | D:1      | Reached XP level 1. HP: 9/9 MP: 5/5
    93 | D:1      | Reached XP level 2. HP: 2/13 MP: 3/6
   378 | D:1      | Reached skill level 4 in Hexes
   382 | D:1      | Learned a level 2 spell: Ensorcelled Hibernation
   893 | D:2      | Reached XP level 3. HP: 16/16 MP: 8/8
   945 | D:2      | Found a faded altar of an unknown god.
  1806 | D:2      | Reached skill level 5 in Stealth
  1806 | D:2      | Reached XP level 4. HP: 21/21 MP: 6/9
  1899 | D:2      | Learned a level 3 spell: Confusing Touch
  2222 | D:3      | Found a shadowy altar of Dithmenos.
  3278 | D:3      | Reached skill level 5 in Hexes
  3278 | D:3      | Reached XP level 5. HP: 24/24 MP: 10/10
  3425 | D:3      | Learned a level 3 spell: Dazzling Flash
  3464 | D:4      | Found a bloodstained altar of Trog.
  3913 | D:4      | Found a staircase to the Ecumenical Temple.
  3939 | Temple   | Entered the Ecumenical Temple
  4222 | Temple   | Became a worshipper of Kikubaaqudgha
  4510 | D:5      | Entered Level 5 of the Dungeon
  4561 | D:5      | Noticed a sky beast
  4569 | D:5      | Killed a sky beast
  4569 | D:5      | Reached XP level 6. HP: 20/28 MP: 4/11
  4758 | D:5      | Reached skill level 5 in Dodging
  5039 | D:5      | Noticed Grinder
  5078 | D:5      | Killed Grinder
  5078 | D:5      | Reached skill level 6 in Hexes
  5078 | D:5      | Reached XP level 7. HP: 24/32 MP: 7/12
  5632 | D:6      | Reached skill level 5 in Short Blades
  6454 | D:6      | Found a sparkling altar of Nemelex Xobeh.
  6647 | D:6      | Reached skill level 7 in Hexes
  7504 | D:7      | Reached XP level 8. HP: 32/36 MP: 10/13
  7615 | D:7      | Reached * piety under Kikubaaqudgha
  7615 | D:7      | Identified Kikubaaqudgha's Compendium of Sinister Arts
                  | (Kikubaaqudgha gifted it to you on level 7 of the Dungeon)
  7615 | D:7      | Received a gift from Kikubaaqudgha
  8450 | D:7      | Reached skill level 8 in Hexes
  9477 | D:8      | Reached skill level 9 in Hexes
  9477 | D:8      | Reached XP level 9. HP: 14/39 MP: 11/14
  9796 | D:8      | Upgraded the game from 0.26-a0-70-g31f1466007 to
                  | 0.26-a0-75-ga645b5fb18
  9972 | D:8      | Reached ** piety under Kikubaaqudgha
 10533 | D:8      | Learned a level 3 spell: Tukima's Dance
 10535 | D:8      | Learned a level 1 spell: Animate Skeleton
 10913 | D:9      | Noticed Erolcha
 11181 | D:9      | Reached skill level 10 in Hexes
 11186 | D:9      | Noticed Grum
 11202 | D:9      | Killed Grum
 11657 | D:9      | Reached skill level 10 in Stealth
 11797 | D:9      | Killed Erolcha
 11797 | D:9      | Reached XP level 10. HP: 4/44 MP: 6/15
 12428 | D:9      | Reached skill level 11 in Hexes
 12438 | D:9      | Noticed a three-headed hydra
 12693 | D:9      | Killed a three-headed hydra
 12693 | D:9      | Reached skill level 10 in Short Blades
 13080 | D:9      | Noticed a two-headed ogre
 13096 | D:9      | Killed a two-headed ogre
 13202 | D:10     | Entered Level 10 of the Dungeon
 13220 | D:10     | Reached skill level 10 in Dodging
 13316 | D:10     | Reached *** piety under Kikubaaqudgha
 13316 | D:10     | Identified Kikubaaqudgha's Incunabulum of Necromancy
                  | (Kikubaaqudgha gifted it to you on level 10 of the Dungeon)
 13316 | D:10     | Received a gift from Kikubaaqudgha
 13506 | D:10     | Found a staircase to the Orcish Mines.
 13534 | D:10     | Reached skill level 12 in Hexes
 13550 | D:10     | Reached skill level 1 in Fighting
 13751 | D:10     | Noticed Nergalle
 13877 | D:10     | Noticed a white ugly thing
 13889 | D:10     | Killed a white ugly thing
 13889 | D:10     | Reached skill level 5 in Spellcasting
 13889 | D:10     | Reached skill level 1 in Necromancy
 13889 | D:10     | Reached XP level 11. HP: 4/49 MP: 10/19
 14227 | D:10     | Killed Nergalle
 14342 | D:10     | Found a staircase to the Lair.
 14360 | D:10     | Found a glowing silver altar of Zin.
 14418 | D:10     | Reached **** piety under Kikubaaqudgha
 14428 | D:10     | Noticed a tengu warrior
 14430 | D:10     | Noticed a tengu warrior
 14474 | D:10     | Killed a tengu warrior
 14478 | D:10     | Demolished by a tengu warrior

Illustrated notes

Levels and vault maps discovered:
D:1:      dpeg_arrival_round_a, layout_rooms, hangedman_decor_clover_reticule
D:2:      layout_loops_cross, chequers_ecumenical_altar_island, minmay_distorted
D:3:      layout_basic, lemuel_doored_altar
D:4:      layout_loops_ring, minmay_temple_entry_crystal_x, bloody_trog
D:5:      layout_loops_ring, first_ration, uniq_grinder
D:6:      layout_basic, basic_altar
D:7:      layout_loops_corners
D:8:      layout_rooms
D:9:      layout_gridville, hangedman_ranch [blue_anna_fruit_fields],
          kennysheep_generic_room_7, uniq_grum, uniq_erolcha
D:10:     layout_rooms, david_lair_shrubbed, zombieorc1_lemuel, basic_altar,
          uniq_nergalle
Temple:   roderic_octagonal_lattice_temple

Skill      XL: |  1  2  3  4  5  6  7  8  9 10 11 |
---------------+----------------------------------+-----
Hexes          | 4 5 6 7 9 10 12 | 12.0
Short Blades   | 2 3 4 5 7 9 10 | 10.0
Stealth        | 5 6 7 8 10 11 | 11.7
Dodging        | 4 5 6 7 9 10 | 10.0
Spellcasting   | 5 |  5.9
Fighting       | 1 2 |  2.1
Necromancy     | 1 2 |  2.5

Action                   |  1- 3 |  4- 6 |  7- 9 | 10-12 || total
-------------------------+-------+-------+-------+-------++-------
Melee: Dagger            |   133 |   216 |   516 |   251 ||  1116
Throw: Dart              |       |       |    64 |    19 ||    83
 Cast: Corona            |     3 |       |       |       ||     3
       Ensorcelled Hiber |     8 |    22 |    63 |    29 ||   122
       Confusing Touch   |       |     2 |     7 |     9 ||    18
       Dazzling Flash    |       |       |     9 |     4 ||    13
       Tukima's Dance    |       |       |       |     1 ||     1
Evoke: Wand              |       |       |     1 |     5 ||     6
  Use: Scroll            |     4 |     6 |     2 |       ||    12
       Potion            |       |       |     4 |       ||     4
 Stab: Sleeping          |    16 |    22 |    48 |    33 ||   119
       Confused          |       |     2 |     8 |    13 ||    23
       Invisible         |       |       |    11 |     3 ||    14
       Distracted        |       |       |     2 |     2 ||     4
  Eat: Ration            |       |     2 |     6 |     3 ||    11
Armor: Robe              |    12 |    10 |    23 |     6 ||    51
Dodge: Dodged            |   105 |   161 |   436 |   131 ||   833

Table legend:
 A = Non-vault XP
 B = Vault XP
 C = Vault XP percentage of total XP
 D = Non-vault monster count
 E = Vault monster count
 F = Vault count percentage of total count
                 A         B        C        D         E       F
            +---------+---------+-------+---------+---------+-------
      Total |    7830 |    5499 |  41.3 |     200 |      48 |  19.4
            +---------+---------+-------+---------+---------+-------
        D:1 |      39 |       0 |   0.0 |      13 |       0 |   0.0
        D:2 |     100 |       9 |   8.3 |      23 |       4 |  14.8
        D:3 |      48 |       0 |   0.0 |      21 |       0 |   0.0
        D:4 |     143 |       0 |   0.0 |      12 |       0 |   0.0
        D:5 |     295 |     277 |  48.4 |       9 |       1 |  10.0
        D:6 |     311 |       0 |   0.0 |      17 |       0 |   0.0
        D:7 |     986 |       0 |   0.0 |      30 |       0 |   0.0
        D:8 |    1963 |     383 |  16.3 |      41 |       2 |   4.7
        D:9 |    1422 |    3440 |  70.8 |      17 |      12 |  41.4
       D:10 |    2523 |    1390 |  35.5 |      17 |      29 |  63.0
            +---------+---------+-------+---------+---------+-------
